 Dungeon Crawl Stone Soup version 0.24-b1 (webtiles) character file.

Game seed: 1810662820542003750, levelgen mode: deterministic

116 Mattoad the Cudgeler (level 4, -4/41 HPs)
             Began as a Minotaur Berserker on Oct 12, 2019.
             Was a Believer of Trog.
             Killed from afar by Sigmund (7 damage)
             ... with a magic dart
             ... on level 4 of the Dungeon.
             The game lasted 00:06:14 (2684 turns).

Mattoad the Cudgeler (Minotaur Berserker)           Turns: 2684, Time: 00:06:15

Health: -4/41      AC:  3    Str: 23    XL:     4   Next: 70%
Magic:  3/3        EV: 18    Int:  4    God:    Trog [**....]
Gold:   193        SH:  0    Dex: 14    Spells: 3/3 levels left

rFire    . . .     SeeInvis .   a - +0 mace
rCold    + . .     Gourm    .   (no shield)
rNeg     . . .     Faith    .   b - +0 animal skin
rPois    .         Spirit   .   (helmet restricted)
rElec    .         Reflect  .   (no cloak)
rCorr    .         Harm     .   n - +0 pair of gloves
MR       .....                  (no boots)
Stlth    ++........             (no amulet)
HPRegen  0.13/turn              g - ring of protection from cold
MPRegen  0.08/turn              (no ring)

@: agile
A: retaliatory headbutt, horns 2
a: Berserk, Trog's Hand, Renounce Religion


You were on level 4 of the Dungeon.
You worshipped Trog.
Trog was pleased with you.
You were very hungry.

You visited 1 branch of the dungeon, and saw 4 of its levels.

You collected 193 gold pieces.

Inventory:

Hand Weapons
 a - a +0 mace (weapon)
 o - a +2 hunting sling of flaming
Armour
 b - a +0 animal skin (worn)
 n - a +0 pair of gloves (worn)
Jewellery
 g - a ring of protection from cold (left hand)
 t - an uncursed ring of magical power {unknown}
 v - a cursed amulet of inaccuracy {unknown}
Wands
 q - a wand of random effects (19)
Scrolls
 h - a scroll of identify {unknown}
 i - a scroll of immolation
 k - 2 scrolls of teleportation {unknown}
 m - 2 scrolls of remove curse {unknown}
 r - a scroll of amnesia {unknown}
 s - a scroll of fear {unknown}
Potions
 d - a potion of curing {unknown}
 e - a potion of lignification {unknown}
 f - a potion of heal wounds {unknown}
 j - a potion of haste {unknown}
 l - a potion of degeneration {unknown}
 p - 2 potions of agility
 u - a potion of flight {unknown}
Comestibles
 c - 5 rations


   Skills:
 + Level 4.7 Fighting
 + Level 5.3 Maces & Flails
 + Level 2.6 Armour
 + Level 3.0 Dodging


You had 3 spell levels left.
You didn't know any spells.
Your spell library was empty.

Dungeon Overview and Level Annotations

Branches:
Dungeon (4/15)
 Temple: D:4-7

Altars:
Wu Jian

Annotations:
D:4 Sigmund


Innate Abilities, Weirdness & Mutations

You reflexively headbutt those who attack you in melee.
You have a pair of horns on your head.


Message History

Found a ration.
Sigmund screams, "I am the angel of ZOT!!!"
Sigmund points at you and mumbles some strange words.
The magic dart hits you.
You are feeling very hungry.
Sigmund says, "Now you see me, now you don't..."
Sigmund casts a spell at you. The puff of flame hits you!
* * * LOW HITPOINT WARNING * * *
Sigmund gestures at you while chanting. The puff of flame hits you!
* * * LOW HITPOINT WARNING * * *
Items here: ))) [[ a +0 hand axe; a +0 leather armour; a +0 dagger; a +0 leather armour a +0 dagger It was a potion of agility.
You feel agile all of a sudden. Sigmund casts a spell at you.
The magic dart hits you!
You die...

#.........# ########
#.........# #......#
#.........# #......#
#..>......# #......#
#....)....# #..#.#.#
#...<.....# #......##
#.........#
#..#.#..########.########
#..@....@........#
#>......##########
...........#
...##....(....# ..
#########.%. . ##.. #


You could see Sigmund.

Vanquished Creatures
  An orc priest (D:4)
  2 adders
  2 oozes
  2 worms
  2 dart slugs
  A leopard gecko (D:3)
  8 orcs
  6 bats
  4 goblins
  5 hobgoblins
  3 frilled lizards
  3 kobolds
  7 rats
46 creatures vanquished.

Notes
Turn   | Place    | Note
-------+----------+-------------------------------------------
     0 | D:1      | Mattoad the Minotaur Berserker began the quest for the Orb.
     0 | D:1      | Reached XP level 1. HP: 19/19 MP: 0/0
   239 | D:1      | Reached skill level 4 in Maces & Flails
   268 | D:1      | Reached XP level 2. HP: 27/27 MP: 1/1
  1077 | D:2      | You fall into a shaft and drop 1 floor!
  1106 | D:3      | Reached XP level 3. HP: 15/33 MP: 2/2
  1503 | D:3      | Reached ** piety under Trog
  1960 | D:3      | Reached XP level 4. HP: 38/41 MP: 3/3
  1996 | D:3      | Reached skill level 5 in Maces & Flails
  2595 | D:3      | Found an ornate altar of the Wu Jian Council.
  2676 | D:4      | Noticed Sigmund
  2684 | D:4      | Killed from afar by Sigmund

Skill      XL: |  1  2  3  4 |
---------------+-------------+-----
Maces & Flails | 4 5 |  5.3
Fighting       | 4 |  4.7
Dodging        | 3 |  3.0
Armour         | |  2.6

Action                   |  1- 3 |  4- 6 || total
-------------------------+-------+-------++-------
Melee: Mace              |    63 |    23 ||    86
       Headbutt          |     9 |     5 ||    14
  Use: Scroll            |     1 |       ||     1
       Potion            |       |     1 ||     1
  Eat: Ration            |     1 |       ||     1
       Chunk             |       |     1 ||     1
Armor: Animal skin       |    25 |     8 ||    33
Dodge: Dodged            |    61 |    18 ||    79
